 Dungeon Crawl Stone Soup version 0.24.0-29-g8ce449bc06 (webtiles) character file.

Game seed: 16697215235948940659, levelgen mode: deterministic

182 Iamsoldier the Magician (level 5, -6/37 HPs)
             Began as a Gnoll Wizard on Nov 13, 2019.
             Was an Initiate of Sif Muna.
             Killed by divine providence
             ... invoked by an orc priest
              (14 damage)
             ... on level 4 of the Dungeon.
             The game lasted 00:17:05 (3983 turns).

Iamsoldier the Magician (Gnoll Wizard)              Turns: 3983, Time: 00:17:06

Health: -6/37      AC:  6    Str: 10    XL:     5   Next: 62%
Magic:  12/14      EV: 14    Int: 21    God:    Sif Muna [......]
Gold:   182        SH:  0    Dex: 13    Spells: 5/18 levels left

rFire    . . .     SeeInvis .   j - +2 whip (flame)
rCold    . . .     Gourm    .   (no shield)
rNeg     . . .     Faith    .   m - +0 leather armour
rPois    +         Spirit   .   o - +2 helmet
rElec    .         Reflect  .   (no cloak)
rCorr    .         Harm     .   (no gloves)
MR       .....                  (no boots)
Stlth    ++........             v - amulet of magic regeneration
HPRegen  0.12/turn              s - ring of wizardry
MPRegen  0.39/turn              w - ring of poison resistance

@: no status effects
A: distributed training, fangs 1, strong nose
a: Renounce Religion


You were on level 4 of the Dungeon.
You worshipped Sif Muna.
Sif Muna was noncommittal.
You were hungry.

You visited 2 branches of the dungeon, and saw 5 of its levels.

You collected 182 gold pieces.

Inventory:

Hand Weapons
 j - a +2 whip of flaming (weapon)
Armour
 a - a +0 robe
 m - a +0 leather armour (worn)
 o - a +2 helmet (worn)
Jewellery
 s - a ring of wizardry (left hand)
 v - an amulet of magic regeneration (around neck)
 w - a ring of poison resistance (right hand)
Scrolls
 c - a scroll of identify
 f - 3 scrolls of teleportation {unknown}
 h - a scroll of enchant weapon {unknown}
 k - 2 scrolls of blinking {unknown}
 n - a scroll of remove curse
 p - 2 scrolls of amnesia {unknown}
 q - a scroll of magic mapping
 x - 2 scrolls of enchant armour {unknown}
Potions
 b - a potion of lignification {unknown}
 e - 3 potions of might {unknown}
 g - a potion of magic {unknown}
 i - 4 potions of curing {unknown}
 l - a potion of degeneration {unknown}
 r - a potion of invisibility {unknown}
 t - a potion of mutation {unknown}
Comestibles
 d - 3 rations


   Skills:
 + Level 1.5 Fighting
 + Level 1.5 Short Blades
 + Level 1.5 Long Blades
 + Level 1.5 Axes
 + Level 1.5 Maces & Flails
 + Level 1.5 Polearms
 + Level 1.5 Staves
 + Level 1.5 Slings
 + Level 1.5 Bows
 + Level 1.5 Crossbows
 + Level 1.5 Throwing
 + Level 1.5 Armour
 + Level 4.8 Dodging
 + Level 4.4 Stealth
 + Level 1.5 Shields
 + Level 1.5 Unarmed Combat
 + Level 7.3 Spellcasting
 + Level 2.4 Conjurations
 + Level 1.2 Hexes
 + Level 1.2 Charms
 + Level 2.4 Summonings
 + Level 1.2 Necromancy
 + Level 2.4 Translocations
 + Level 1.2 Transmutations
 + Level 1.2 Fire Magic
 + Level 1.2 Ice Magic
 + Level 1.2 Air Magic
 + Level 1.2 Earth Magic
 + Level 1.2 Poison Magic
 + Level 1.7 Invocations
 + Level 1.5 Evocations


You had 5 spell levels left.
You knew the following spells:

 Your Spells              Type           Power        Failure   Level  Hunger
a - Magic Dart            Conj           ###.         1%          1    None
b - Mephitic Cloud        Conj/Pois/Air  ##......     7%          3    None
c - Blink                 Tloc           N/A          2%          2    None
d - Call Imp              Summ           ###.....     2%          2    None
e - Conjure Flame         Conj/Fire      ###.....     6%          3    None
f - Slow                  Hex            ##......     4%          2    None

Your spell library contained the following spells:

 Spells                   Type           Power        Failure   Level  Hunger


Dungeon Overview and Level Annotations

Branches:
Dungeon (4/15)             Temple (1/1) D:4

Altars:
Cheibriados
Elyvilon
Fedhas
Hepliaklqana
Kikubaaqudgha
Makhleb
Okawaru
Sif Muna
Trog
Uskayaw
Wu Jian
Yredelemnul
The Shining One
Lugonu


Innate Abilities, Weirdness & Mutations

Your experience applies equally to all skills.
You have very sharp teeth.
Your uncanny sense of smell can sniff out nearby items.


Message History

The orc wizard looks satisfied for a moment.
Your crimson imp hits the orc wizard but does no damage.
Your crimson imp barely misses the orc wizard.
The orc wizard casts a spell at you. The puff of frost hits you.
* * * LOW HITPOINT WARNING * * *
Your crimson imp blinks!
Something barely misses your crimson imp.
Your crimson imp hits the orc wizard.
Your crimson imp barely misses the orc wizard.
The orc wizard hits your crimson imp with a +0 dagger.
Casting: Call Imp (safe; 2% risk of failure)
Confirm with . or Enter, or press ? or * to list all spells.
You blink.
The orc wizard completely misses your crimson imp.
Your crimson imp blinks! x2
The orc wizard closely misses your crimson imp.
The orc priest invokes the aid of Beogh against you.
Beogh smites you!
You die...

)$....#.......## #........#.
......#....5..#########........'.
####..##..##.§.#(.....'..##...##.
#..######5..#......#..########
....+......##.....##...+ .##.
#......##.....##...# ....
#....§........#....# ....
#..5o.........#....#. ... ∆
#..##§o..@....#...##... #.
#..##..##.....##..# ...##.
#......##.....##... ......
#.................. ......
########.................####+#.⌠
.......#.................##......
.......#......##.....##..........
.......#......##.....##..........
.......'.............÷#..........


You could see an orc priest, an orc wizard and 2 friendly crimson imps.

Vanquished Creatures
  An orc wizard (D:3)
  A hound skeleton (D:4)
  5 adders
  A worm (D:2)
  A dart slug (D:2)
  3 leopard geckos
  5 orcs
  2 giant cockroaches
  4 goblins
  3 hobgoblins
  5 jackals
  2 kobolds (D:2)
  3 quokkas
  3 bats
  5 frilled lizards
  A quokka skeleton (D:4)
  3 rats
48 creatures vanquished.

Vanquished Creatures (collateral kills)
  A crimson imp (D:4)
  An adder (D:2)
  An ooze (D:3)
  A worm (D:2)
  A leopard gecko (D:2)
  4 orcs
  A goblin (D:2)
  3 jackals (D:2)
13 creatures vanquished.

Grand Total: 61 creatures vanquished

Notes
Turn   | Place    | Note
-------+----------+-------------------------------------------
     0 | D:1      | Iamsoldier the Gnoll Wizard began the quest for the Orb.
     0 | D:1      | Reached XP level 1. HP: 13/13 MP: 8/8
   456 | D:2      | Found a hide-covered altar of Uskayaw.
   470 | D:2      | Noticed a +0 hand axe
   470 | D:2      | Noticed a +0 dagger
   473 | D:2      | Reached XP level 2. HP: 19/19 MP: 6/10
   512 | D:2      | Reached XP level 3. HP: 25/25 MP: 2/11
   799 | D:2      | Learned a level 3 spell: Mephitic Cloud
   802 | D:2      | Learned a level 2 spell: Blink
   805 | D:2      | Learned a level 2 spell: Call Imp
   809 | D:2      | Learned a level 3 spell: Conjure Flame
   855 | D:2      | Reached skill level 1 in Invocations
  1351 | D:2      | Reached skill level 1 in Fighting
  1351 | D:2      | Reached skill level 1 in Short Blades
  1351 | D:2      | Reached skill level 1 in Long Blades
  1351 | D:2      | Reached skill level 1 in Axes
  1351 | D:2      | Reached skill level 1 in Maces & Flails
  1351 | D:2      | Reached skill level 1 in Polearms
  1351 | D:2      | Reached skill level 1 in Staves
  1351 | D:2      | Reached skill level 1 in Slings
  1351 | D:2      | Reached skill level 1 in Bows
  1351 | D:2      | Reached skill level 1 in Crossbows
  1351 | D:2      | Reached skill level 1 in Throwing
  1351 | D:2      | Reached skill level 1 in Armour
  1351 | D:2      | Reached skill level 1 in Shields
  1351 | D:2      | Reached skill level 1 in Unarmed Combat
  1351 | D:2      | Reached skill level 1 in Evocations
  1361 | D:2      | Reached XP level 4. HP: 30/32 MP: 0/13
  2316 | D:3      | Reached skill level 1 in Hexes
  2316 | D:3      | Reached skill level 1 in Charms
  2316 | D:3      | Reached skill level 1 in Necromancy
  2316 | D:3      | Reached skill level 1 in Transmutations
  2316 | D:3      | Reached skill level 1 in Fire Magic
  2316 | D:3      | Reached skill level 1 in Ice Magic
  2316 | D:3      | Reached skill level 1 in Air Magic
  2316 | D:3      | Reached skill level 1 in Earth Magic
  2316 | D:3      | Reached skill level 1 in Poison Magic
  2703 | D:3      | Reached XP level 5. HP: 37/37 MP: 7/14
  2797 | D:3      | Found a white marble altar of Elyvilon.
  2835 | D:3      | Found a basalt altar of Yredelemnul.
  3482 | D:4      | Found a staircase to the Ecumenical Temple.
  3490 | Temple   | Entered the Ecumenical Temple
  3576 | Temple   | Became a worshipper of Sif Muna the Loreminder
  3594 | Temple   | Learned a level 2 spell: Slow
  3983 | D:4      | Killed from afar by an orc priest

Levels and vault maps discovered:
D:1:      dpeg_arrival_court, layout_rooms
D:2:      layout_basic, dancing_weapons_uskayaw, serial_bayou,
          serial_bayou_pond_e, serial_bayou_shore_a, serial_bayou_pond_c,
          serial_bayou_pond_c, serial_bayou_pond_a, serial_bayou_shore_b
D:3:      layout_loops_corners, yredelemnul_altar_generic, elyvilon_altar_4
D:4:      layout_gridville, kennysheep_mini_moat, temple_fountains,
          minmay_crystal_room
Temple:   kb_corrupted_temple

Skill      XL: |  1  2  3  4 |
---------------+-------------+-----
Conjurations   | 2 |  2.4
Summonings     | 2 |  2.4
Translocations | 2 |  2.4
Invocations    | 1 |  1.7
Fighting       | 1 |  1.5
Short Blades   | 1 |  1.5
Long Blades    | 1 |  1.5
Axes           | 1 |  1.5
Maces & Flails | 1 |  1.5
Polearms       | 1 |  1.5
Staves         | 1 |  1.5
Slings         | 1 |  1.5
Bows           | 1 |  1.5
Crossbows      | 1 |  1.5
Throwing       | 1 |  1.5
Armour         | 1 |  1.5
Shields        | 1 |  1.5
Unarmed Combat | 1 |  1.5
Evocations     | 1 |  1.5
Hexes          | 1 |  1.2
Charms         | 1 |  1.2
Necromancy     | 1 |  1.2
Transmutations | 1 |  1.2
Fire Magic     | 1 |  1.2
Ice Magic      | 1 |  1.2
Air Magic      | 1 |  1.2
Earth Magic    | 1 |  1.2
Poison Magic   | 1 |  1.2
Dodging        | |  4.8
Stealth        | |  4.4
Spellcasting   | |  7.3

Action                   |  1- 3 |  4- 6 || total
-------------------------+-------+-------++-------
Melee: Whip              |     8 |    11 ||    19
       Bite              |     1 |     1 ||     2
 Cast: Magic Dart        |    62 |    86 ||   148
       Call Imp          |     3 |    20 ||    23
       Conjure Flame     |     1 |     3 ||     4
       Blink             |       |     3 ||     3
  Use: Scroll            |     6 |     1 ||     7
  Eat: Chunk             |     1 |     4 ||     5
       Ration            |       |     1 ||     1
Armor: Robe              |     3 |     9 ||    12
       Leather armour    |       |     6 ||     6
Dodge: Dodged            |    14 |    42 ||    56
